Map: [ESL] Tropical Sacrifice

Players

ByuN

  • Race: Terran Terran
  • Spawn Location: 7:00

Maru - Winner!

  • Race: Terran Terran
  • Spawn Location: 1:00

Event: DreamHack SC2 Masters 2022 Atlanta (Offline)

VOD

Have the link to the VOD?

Description

Time

  • Played on: Nov. 18, 2022, 7:02 p.m.
  • Length: 18:55

All games in this series

Show
View Real Time Build Order
Export as new Build Order

ByuN Terran 

Build Orders:  

Get SALT Encoding   

  12  0:00  SCV  
  13  0:12  SCV  
  14  0:17  Supply Depot  
  14  0:24  SCV  
  15  0:39  SCV  
  15  0:40  Barracks  
  16  0:44  Refinery  
  16  0:51  SCV  
  16  0:53  Refinery  
  17  1:03  SCV  
  18  1:15  SCV  
  19  1:27  Reaper, Orbital Command  
  20  1:35  Supply Depot  
  20  1:42  Factory  
  20  1:53  SCV  
  21  1:59  Barracks Reactor  
  21  2:05  SCV  
  22  2:17  SCV  
  22  2:21  Command Center  
  23  2:26  Hellion  
  23  2:29  SCV  
  26  2:35  Reaper  
  26  2:36  Reaper  
  28  2:42  SCV  
  28  2:43  Supply Depot  
  29  2:49  Hellion  
  31  3:00  Starport  
  31  3:05  SCV  
  32  3:07  Reaper  
  32  3:08  Reaper  
  32  3:12  Hellion  
  36  3:17  SCV  
  37  3:22  Refinery  
  37  3:29  SCV  
  38  3:34  Factory Tech Lab  
  38  3:41  SCV, Marine x2  
  35  3:43  Starport Tech Lab  
  35  3:44  Orbital Command  
  36  3:53  SCV  
  37  3:55  Cyclone  
  39  4:08  Marine x2  
  39  4:09  Raven  
  44  4:10  SCV x2  
  45  4:17  Supply Depot  
  45  4:22  SCV x2  
  47  4:27  Marine x2  
  47  4:28  Siege Tank  
  52  4:36  SCV x2  
  54  4:40  Supply Depot  
  54  4:45  Marine x2  
  55  4:48  SCV x2  
  54  5:00  SCV x2, Siege Tank  
  54  5:02  Raven  
  54  5:03  Marine x2  
  63  5:12  SCV x2  
  63  5:14  Command Center  
  65  5:18  Supply Depot  
  64  5:26  SCV x2  
  63  5:32  Siege Tank  
  66  5:38  Barracks  
  66  5:40  SCV x2  
  66  5:42  Barracks  
  68  5:46  Refinery  
  68  5:49  Marine  
  50  5:50  Stimpack  
  69  5:52  SCV  
  69  5:53  SCV  
  69  5:56  Starport Reactor  
  71  5:57  Engineering Bay  
  71  5:58  Engineering Bay  
  71  6:04  Siege Tank  
  71  6:05  SCV x2  
  76  6:17  SCV x2  
  78  6:25  Supply Depot, Orbital Command, Marine  
  79  6:29  SCV  
  79  6:30  SCV, Barracks  
  79  6:31  Terran Infantry Weapons Level 1  
  79  6:32  Barracks  
  81  6:34  Supply Depot, Terran Infantry Armor Level 1  
  82  6:41  SCV  
  82  6:42  SCV  
  83  6:47  Starport Reactor  
  83  6:48  Marine  
  83  6:49  Marine x4  
  83  6:50  Siege Tank  
  83  6:53  SCV  
  92  6:54  SCV  
  92  6:55  SCV  
  94  7:02  Armory  
  94  7:04  Supply Depot  
  94  7:05  SCV  
  94  7:06  SCV  
  94  7:07  SCV  
  94  7:08  Marine x5  
  100  7:15  Supply Depot  
  102  7:17  SCV  
  102  7:18  Barracks Reactor x2, SCV  
  102  7:19  SCV, Sensor Tower  
  105  7:26  Missile Turret  
  105  7:27  Medivac x2  
  105  7:28  Siege Tank  
  105  7:29  Marine x4  
  116  7:30  Marine  
  116  7:36  Supply Depot  
  116  7:37  SCV x3  
  119  7:41  Combat Shield  
  119  7:44  Refinery x2  
  118  7:49  SCV x3  
  121  7:55  Marine x4  
  121  7:58  Marine x5  
  130  8:02  SCV x2  
  130  8:03  SCV  
  130  8:04  Supply Depot  
  132  8:08  Medivac x2, Siege Tank  
  139  8:15  Supply Depot, Marine x2  
  139  8:16  Supply Depot  
  139  8:19  Factory  
  141  8:23  Supply Depot, Terran Vehicle Weapons Level 1  
  141  8:25  Marine x6  
  147  8:29  Supply Depot x2  
  147  8:32  Terran Infantry Weapons Level 2  
  147  8:39  Marine x3  
  150  8:43  Marine x3  
  150  8:44  Siege Tank  
  150  8:47  Marine x3  
  158  8:50  SCV x2  
  158  8:51  SCV  
  154  8:57  Marine x2  
  154  9:01  Marine  
  154  9:02  SCV x2  
  159  9:07  Barracks Reactor  
  159  9:14  Marine  
  159  9:15  Marine x2  
  159  9:16  Marine  
  159  9:17  Siege Tank  
  166  9:21  Command Center, Terran Infantry Armor Level 2  
  148  9:39  Marine x5  
  148  9:40  Marine x2  
  148  9:43  Marine  
  148  9:44  Marine x2  
  158  9:48  SCV x2  
  158  9:49  SCV, Siege Tank  
  158  9:50  Barracks x3  
  158  9:57  Medivac, Marine x2  
  151  10:00  SCV x2  
  151  10:01  SCV  
  154  10:08  Marine  
  154  10:09  Marine x3  
  154  10:12  SCV x2, Marine x2  
  154  10:13  SCV, Marine  
  161  10:14  Marine  
  162  10:24  SCV x2  
  162  10:25  SCV  
  165  10:29  Siege Tank  
  165  10:32  Marine  
  167  10:35  Siege Tank  
  167  10:36  Marine  
  167  10:37  Marine x4  
  167  10:39  Marine  
  167  10:42  Marine x2  
  175  10:45  Marine  
  175  10:47  Barracks Reactor  
  175  10:48  Barracks Reactor x2  
  176  10:52  Terran Infantry Weapons Level 3  
  176  10:56  Orbital Command  
  176  10:59  Marine  
  176  11:00  Marine x3  
  176  11:01  Siege Tank  
  177  11:05  Marine  
  177  11:06  Marine x3  
  177  11:07  Siege Tank, Marine x2  
  170  11:17  Marine x2  
  170  11:18  Marine x2  
  174  11:19  SCV x3  
  174  11:23  Medivac  
  174  11:24  Medivac, Marine x2  
  183  11:33  Siege Tank, Marine x7  
  190  11:45  Siege Tank, Marine x2  
  190  11:46  Marine  
  190  11:47  Marine x4  
  173  11:50  Marine  
  173  11:51  Marine x5  
  173  11:53  Marine  
  177  12:03  Marine  
  177  12:06  Siege Tank, Marine x4  
  177  12:07  Marine  
  174  12:12  Marine  
  174  12:13  Marine x3  
  179  12:17  Siege Tank  
  179  12:19  Medivac x2  
  184  12:26  Marine x2  
  184  12:27  Marine  
  184  12:28  Marine x2  
  184  12:29  Marine x4  
  190  12:30  Command Center, Marine x3  
  196  12:43  Siege Tank  
  197  12:45  Marine x2  
  197  12:46  Marine  
  197  12:47  Marine x2  
  197  13:11  Terran Infantry Armor Level 3, Siege Tank  
  195  13:16  Command Center x2  
  192  13:48  Siege Tank x2  
  188  13:49  Marine x8  
  188  13:50  Marine x3  
  199  14:00  Marine  
  175  14:04  Marine x4  
  175  14:07  Marine x7  
  175  14:08  Marine  
  175  14:09  Marine x2  
  162  14:10  Marine  
  162  14:12  Medivac x2  
  157  14:18  Planetary Fortress, Marine  
  157  14:20  Siege Tank x2  
  157  14:21  Marine  
  157  14:22  Marine x3  
  167  14:25  Marine x2  
  169  14:34  Orbital Command  
  166  14:41  Marine  
  166  14:42  Medivac x2, Marine  
  166  14:43  Marine  
  173  14:52  Siege Tank x2  
  169  15:01  Marine x2  
  169  15:03  Marine  
  169  15:04  Marine x2  
  169  15:05  Marine x2  
  176  15:07  Marine  
  176  15:09  Marine x5  
  176  15:12  Medivac x2  
  181  15:21  Marine  
  181  15:22  Marine x4  
  181  15:24  Siege Tank x2  
  178  15:29  Marine x7  
  178  15:31  Marine  
  178  15:32  Marine x2  
  178  15:33  Marine  
  183  15:38  Orbital Command  
  183  15:39  Marine  
  183  15:42  Medivac x2  
  188  15:48  Marine  
  189  15:50  Marine  
  189  15:52  Marine  
  189  15:53  Marine x9  
  200  15:59  Command Center x2, Sensor Tower  
  200  16:07  Siege Tank  
  200  16:08  Marine x3  
  200  16:09  Siege Tank  
  200  16:10  Marine x3  
  200  16:11  Marine x5  
  169  16:12  Medivac x2  
  169  16:13  Marine  
  169  16:16  Marine  
  169  16:18  Marine  
  174  16:19  Marine  
  174  16:22  Marine  
  173  16:26  Marine x3  
  173  16:28  Marine x4  
  180  16:35  Marine  
  180  16:37  Marine  
  180  16:38  Marine  
  180  16:39  Siege Tank  
  186  16:41  Siege Tank  
  186  16:44  Marine  
  186  16:46  Marine  
  184  16:51  Marine  
  184  16:52  Marine x5  
  187  16:58  Marine x7  
  187  17:00  Marine  
  192  17:04  Marine x2  
  192  17:08  Medivac x2  
  190  17:09  Marine x4  
  190  17:10  Marine  
  190  17:11  Siege Tank  
  190  17:13  Siege Tank  
  190  17:14  Marine  
  198  17:16  Marine x3  
  197  17:25  Marine  
  197  17:26  Marine x3  
  197  17:27  Marine  
  197  17:29  Marine  
  181  17:30  Marine x6  
  181  17:32  Marine  
  181  17:35  Marine  
  181  17:36  Marine  
  181  17:37  Marine  
  169  17:43  Siege Tank, Marine  
  169  17:44  Marine x4  
  173  17:45  Siege Tank  
  173  17:47  Marine  
  173  17:48  Marine x6  
  173  17:50  Orbital Command, Marine  
  181  17:52  Orbital Command  
  181  17:53  Marine  
  181  17:54  Marine  
  178  18:01  Marine  
  178  18:03  Marine  
  166  18:10  Marine  
  166  18:11  Marine x6  
  166  18:12  Marine  
  163  18:13  Marine x2  
  163  18:15  Siege Tank  
  163  18:16  Marine  
  163  18:17  Siege Tank  
  168  18:20  Marine x4  
  168  18:21  Marine  
  170  18:28  Marine  
  170  18:29  Marine x6  
  170  18:30  Marine x2  
  170  18:33  Marine  
  148  18:35  Marine  
Show
View Real Time Build Order
Export as new Build Order

Maru Terran - Winner!

Build Orders:  

Get SALT Encoding   

  12  0:00  SCV  
  13  0:12  SCV  
  14  0:17  Supply Depot  
  14  0:24  SCV  
  15  0:39  SCV  
  15  0:40  Barracks  
  16  0:44  Refinery  
  16  0:51  SCV  
  16  0:53  Refinery  
  17  1:03  SCV  
  18  1:15  SCV  
  19  1:28  Reaper, Orbital Command  
  20  1:32  Supply Depot  
  20  1:45  Factory  
  20  1:53  SCV  
  21  2:01  Barracks Reactor  
  21  2:05  SCV  
  22  2:18  SCV  
  23  2:24  Command Center  
  23  2:30  SCV  
  23  2:33  Hellion  
  26  2:39  Reaper x2  
  26  2:42  SCV  
  29  2:46  Supply Depot  
  29  2:54  SCV  
  30  2:58  Starport  
  30  3:08  SCV, Hellion  
  33  3:12  Marine  
  33  3:13  Marine  
  35  3:20  SCV  
  35  3:26  Refinery  
  36  3:31  Marine x2  
  36  3:32  SCV, Factory Tech Lab  
  39  3:37  Orbital Command  
  38  3:49  SCV  
  38  3:52  Starport Tech Lab  
  38  3:54  Cyclone  
  41  4:00  Marine x2  
  41  4:01  SCV  
  44  4:08  SCV  
  45  4:13  SCV, Raven  
  48  4:20  SCV  
  48  4:21  Supply Depot  
  49  4:25  SCV  
  49  4:30  Siege Tank  
  53  4:32  SCV  
  53  4:38  SCV  
  54  4:42  Command Center  
  54  4:44  SCV  
  55  4:47  Marine x2  
  55  4:50  SCV  
  58  4:53  Supply Depot  
  58  4:56  SCV, Raven  
  61  5:02  SCV  
  61  5:07  Refinery  
  62  5:14  Siege Tank  
  62  5:15  SCV x2  
  65  5:27  SCV  
  65  5:28  SCV  
  65  5:34  Supply Depot  
  65  5:37  Barracks  
  65  5:38  Barracks  
  65  5:39  SCV  
  65  5:40  SCV  
  67  5:46  Siege Tank  
  67  5:49  Engineering Bay  
  70  5:50  Engineering Bay  
  70  5:54  Viking x2  
  70  5:56  SCV x2  
  76  6:00  Orbital Command  
  76  6:04  Stimpack  
  76  6:08  SCV  
  77  6:12  Supply Depot, SCV  
  77  6:16  Terran Infantry Armor Level 1, Terran Infantry Weapons Level 1  
  78  6:20  SCV, Siege Tank  
  82  6:27  Barracks Reactor x2  
  82  6:31  Orbital Command  
  82  6:32  SCV  
  83  6:33  Barracks  
  83  6:34  Barracks  
  83  6:36  SCV  
  84  6:43  Viking x2  
  84  6:44  SCV  
  89  6:48  SCV  
  89  6:50  Supply Depot  
  90  6:56  SCV x2  
  90  7:00  SCV  
  90  7:01  Supply Depot x2, Siege Tank  
  93  7:06  Marine x3  
  93  7:08  SCV x2  
  100  7:12  SCV  
  100  7:15  Supply Depot  
  102  7:16  Medivac x2  
  102  7:19  Refinery  
  102  7:20  Refinery, SCV  
  107  7:23  Barracks Reactor x2, Sensor Tower  
  107  7:25  SCV  
  107  7:29  Marine x4  
  112  7:30  SCV  
  112  7:34  Armory  
  113  7:37  SCV  
  113  7:40  SCV  
  115  7:47  Command Center, Combat Shield  
  115  7:52  Siege Tank, Marine x2  
  115  7:53  Marine x2  
  123  7:58  SCV  
  123  8:03  Marine x2  
  122  8:06  Marine x3  
  122  8:07  Factory  
  122  8:08  Medivac  
  122  8:10  Marine x2  
  122  8:11  SCV x2  
  131  8:13  Supply Depot  
  131  8:18  Missile Turret  
  131  8:21  Medivac  
  131  8:22  Missile Turret  
  131  8:23  Missile Turret  
  131  8:24  Supply Depot, Terran Vehicle Weapons Level 1, Missile Turret  
  133  8:35  SCV x2, Marine x6  
  133  8:36  Supply Depot  
  133  8:40  Marine  
  133  8:41  Terran Infantry Weapons Level 2  
  141  8:45  Marine x2  
  141  8:53  Marine x2  
  140  8:55  Siege Tank  
  140  8:56  Viking x2  
  140  9:00  Marine  
  140  9:01  Marine x2  
  150  9:04  SCV x2  
  150  9:05  Supply Depot  
  150  9:08  Marine x2  
  154  9:13  Marine x2  
  156  9:18  SCV  
  156  9:19  Sensor Tower  
  157  9:24  Planetary Fortress  
  157  9:25  Barracks Reactor, Viking  
  157  9:28  Siege Tank  
  157  9:29  Siege Tank, Marine  
  158  9:38  Marine x2  
  159  9:46  Marine x4  
  159  9:50  Marine x2  
  159  9:51  SCV  
  166  9:56  Marine  
  156  10:00  Refinery, Siege Tank  
  156  10:02  Refinery, Siege Tank  
  156  10:06  Marine  
  162  10:07  Marine x2  
  162  10:08  Starport, Marine x2  
  162  10:09  Starport  
  162  10:12  Terran Infantry Armor Level 2  
  164  10:18  Command Center  
  164  10:22  Terran Vehicle Weapons Level 2  
  164  10:32  Siege Tank, Marine x2  
  164  10:34  Siege Tank  
  169  10:36  Marine x3  
  169  10:44  Sensor Tower  
  169  10:45  Marine x2  
  171  10:50  Starport Tech Lab x2  
  171  10:52  Armory  
  167  11:04  Siege Tank  
  167  11:05  Marine x6  
  167  11:06  Marine x2  
  167  11:07  Siege Tank  
  169  11:14  SCV x2  
  169  11:15  SCV  
  172  11:19  Command Center  
  172  11:28  Corvid Reactor  
  172  11:29  Raven  
  172  11:30  Missile Turret  
  176  11:36  Siege Tank  
  176  11:39  Siege Tank  
  166  11:50  Marine  
  166  11:51  Marine x5  
  163  11:56  Terran Vehicle And Ship Armor Level 1  
  163  11:57  Liberator  
  163  11:58  Starport  
  163  11:59  Marine  
  163  12:00  Marine, Starport  
  168  12:05  Marine x2  
  168  12:06  SCV x3  
  168  12:08  Siege Tank, Marine  
  167  12:11  SCV, Siege Tank  
  167  12:13  Raven x2  
  176  12:18  SCV x3  
  179  12:23  SCV  
  180  12:30  SCV x3  
  180  12:33  Orbital Command  
  181  12:40  Siege Tank  
  181  12:43  Planetary Fortress  
  184  12:45  Siege Tank  
  187  12:55  Raven  
  189  13:05  Missile Turret  
  189  13:06  Missile Turret  
  189  13:10  Command Center, Starport Tech Lab  
  189  13:11  Starport Reactor  
  189  13:12  Siege Tank  
  192  13:17  Terran Infantry Weapons Level 3, Terran Infantry Armor Level 3  
  190  13:36  Raven x2  
  194  13:53  Siege Tank x2  
  188  14:05  Marine x2  
  166  14:13  Marine x4  
  166  14:21  Supply Depot  
  166  14:22  Supply Depot x2  
  166  14:24  Marine x4  
  166  14:29  Supply Depot  
  166  14:30  Supply Depot  
  170  14:35  Armory  
  170  14:43  Siege Tank x2, Marine x3  
  170  14:45  Marine, Orbital Command  
  180  14:56  Marine  
  180  14:57  Marine x3  
  168  15:03  Marine x5  
  168  15:05  Orbital Command  
  173  15:10  Refinery  
  173  15:11  Refinery, Sensor Tower, Raven x2, Marine  
  173  15:13  Missile Turret  
  178  15:14  Marine  
  178  15:15  Siege Tank x2, Marine x3  
  178  15:21  Marine x5  
  176  15:29  Marine  
  176  15:32  Marine x4  
  181  15:39  Refinery, Marine x3  
  181  15:40  Command Center x2  
  181  15:42  Medivac x2  
  186  15:45  Marine x2  
  186  15:47  Siege Tank, Marine  
  194  15:50  Marine  
  194  15:55  Supply Depot, Terran Vehicle Weapons Level 3  
  195  16:05  Marine x2  
  195  16:06  Marine x3  
  195  16:07  Marine  
  195  16:08  Siege Tank  
  195  16:09  Marine x2  
  195  16:10  Marine x2  
  189  16:19  Siege Tank  
  189  16:23  Marine x3  
  189  16:24  Marine x2  
  189  16:25  Marine  
  194  16:27  Raven  
  194  16:28  Marine x3  
  194  16:29  Marine  
  198  16:40  Marine  
  198  16:41  Marine x3  
  198  16:42  Marine  
  198  16:43  Siege Tank  
  198  16:46  Marine x4  
  200  16:53  Hi-Sec Auto Tracking, Neosteel Armor  
  199  16:58  Marine  
  199  16:59  Marine x2  
  198  17:01  Marine  
  198  17:02  Marine  
  198  17:26  Marine x3  
  181  17:30  Siege Tank x2, Marine x2  
  181  17:32  Marine  
  181  17:33  Marine x4  
  181  17:36  Raven  
  196  17:39  Planetary Fortress  
  196  17:44  Marine x2  
  196  17:45  Command Center  
  198  17:59  Marine  
  198  18:01  Marine  
  198  18:02  Marine  
  198  18:03  Raven  
  200  18:07  Marine x2  
  198  18:18  Marine  
  199  18:23  Marine  
  188  18:34  Marine  
  188  18:35  Marine  
  188  18:37  Marine  
  178  18:53  Refinery  
  178  18:54  Refinery  
Tags
 
Add a new tag
Caveats
  • Supply blocks, unpowered buildings, or Contaminate may cause inaccurate times.
  • Supply counts are checked every 10 seconds.